General information
- name: BNet
- type: Ladder team game (AT/RT)
- host: Battle.net
- saver: TrinidadJames
map: TwilightRuins
- players: 8
- length: 59:34
- speed: Fast
- version: 1.26 W3XP
- replay type: Public
» download(291 KB)
Players
team 1 (loser)

»
ILOVETHISGAME (
pink | 83 APM | 1236 actions | 14:56)
5 Death Knight
3 Death Coil
2 Unholy Aura
1 Lich
1 Frost Nova
1 Crypt Lord
1 Carrion Beetles
» actions
| Assign group hotkey | 13 | |
| Build / train | 51 | |
| Enter build submenu | 25 | |
| Enter hero's abilities submenu | 7 | |
| Give item / drop item | 7 | |
| Right click | 693 | |
| Select / deselect | 282 | |
| Select group hotkey | 87 | |
| Use ability | 71 | |
1236 total
» units
| Acolyte | 7 | |
| Ghoul | 6 | |
| Crypt Fiend | 8 | |
| Obsidian Statue | 1 | |
| Frost Wyrm | 2 | |
24 total
» upgrades
| Creature Attack | 1 | |
| Creature Carapace | 1 | |
| Web | 1 | |
3 total
» buildings
| Graveyard | 1 | |
| Crypt | 1 | |
| Ziggurat | 6 | |
| Altar of Darkness | 1 | |
| Tomb of Relics | 1 | |
| Halls of the Dead | 2 | |
| Necropolis | 1 | |
| Spirit Tower | 1 | |
| Black Citadel | 1 | |
| Sacrificial Pit | 1 | |
| Slaughterhouse | 1 | |
| Nerubian Tower | 1 | |
| Boneyard | 2 | |
| Tauren Totem | 4 | |
| Orc Burrow | 2 | |
26 total
» build order
00:17 Graveyard
00:21 Crypt
00:52 Ziggurat
00:57 Altar of Darkness
01:46 Tomb of Relics
01:50 Ziggurat
03:41 Ziggurat
05:37 Halls of the Dead
05:37 Halls of the Dead
06:20 Ziggurat
06:24 Ziggurat
07:01 Necropolis
07:03 Ziggurat
07:22 Spirit Tower
08:02 Black Citadel
09:22 Sacrificial Pit
09:25 Slaughterhouse
10:08 Nerubian Tower
11:45 Boneyard
12:16 Tauren Totem
12:17 Tauren Totem
12:19 Tauren Totem
12:20 Tauren Totem
12:23 Orc Burrow
12:25 Orc Burrow
12:50 Boneyard
» items
| Rod of Necromancy | 2 | |
| Potion of Healing | 3 | |
| Potion of Mana | 3 | |
| Scroll of Town Portal | 1 | |
9 total
I-WET-MY-CRIB. (
yellow | 62 APM | 3690 actions | 59:33)
8 Blademaster
3 Wind Walk
3 Critical Strike
1 Bladestorm
1 Mirror Image
5 Shadow Hunter
2 Hex
3 Healing Wave
» actions
| Assign group hotkey | 155 | |
| Basic commands | 14 | |
| Build / train | 95 | |
| Enter build submenu | 28 | |
| Enter hero's abilities submenu | 14 | |
| Give item / drop item | 7 | |
| Right click | 1669 | |
| Select / deselect | 343 | |
| Select group hotkey | 1111 | |
| Use ability | 254 | |
3690 total
» units
| Peon | 14 | |
| Goblin Shredder | 3 | |
| Wind Rider | 14 | |
| Troll Batrider | 4 | |
35 total
» upgrades
| Ranged Weapons | 2 | |
| Reinforced Defenses | 1 | |
| Envenomed Spears | 1 | |
| Armor | 2 | |
| Liquid Fire | 1 | |
7 total
» buildings
| Altar of Storms | 1 | |
| Orc Burrow | 6 | |
| Voodoo Lounge | 2 | |
| Stronghold | 1 | |
| War Mill | 1 | |
| Great Hall | 1 | |
| Beastiary | 3 | |
| Fortress | 1 | |
| Watch Tower | 71 | |
87 total
» build order
00:08 Altar of Storms
00:19 Orc Burrow
00:48 Voodoo Lounge
01:14 Voodoo Lounge
02:09 Stronghold
02:15 War Mill
02:38 Orc Burrow
02:39 Orc Burrow
02:40 Orc Burrow
04:00 Great Hall
04:35 Beastiary
05:24 Beastiary
06:15 Fortress
06:27 Watch Tower
06:28 Watch Tower
06:28 Watch Tower
06:29 Watch Tower
07:53 Watch Tower
08:34 Watch Tower
08:35 Watch Tower
09:35 Watch Tower
09:36 Watch Tower
09:36 Watch Tower
09:37 Watch Tower
10:42 Beastiary
10:52 Watch Tower
10:52 Watch Tower
10:53 Watch Tower
11:49 Orc Burrow
11:49 Orc Burrow
12:16 Watch Tower
12:17 Watch Tower
12:18 Watch Tower
12:32 Watch Tower
12:33 Watch Tower
12:33 Watch Tower
13:19 Watch Tower
13:20 Watch Tower
13:33 Watch Tower
13:34 Watch Tower
13:34 Watch Tower
13:35 Watch Tower
15:10 Watch Tower
15:10 Watch Tower
15:11 Watch Tower
15:11 Watch Tower
15:12 Watch Tower
15:12 Watch Tower
15:13 Watch Tower
15:13 Watch Tower
15:15 Watch Tower
15:17 Watch Tower
15:17 Watch Tower
15:28 Watch Tower
15:28 Watch Tower
15:29 Watch Tower
15:30 Watch Tower
16:42 Watch Tower
16:43 Watch Tower
16:43 Watch Tower
16:43 Watch Tower
16:44 Watch Tower
16:44 Watch Tower
16:45 Watch Tower
16:46 Watch Tower
16:47 Watch Tower
19:57 Watch Tower
19:57 Watch Tower
19:58 Watch Tower
19:58 Watch Tower
19:59 Watch Tower
19:59 Watch Tower
20:00 Watch Tower
20:00 Watch Tower
20:01 Watch Tower
24:04 Watch Tower
24:04 Watch Tower
24:06 Watch Tower
24:06 Watch Tower
24:07 Watch Tower
24:08 Watch Tower
42:41 Watch Tower
» items
| Healing Salve | 5 | |
| Lesser Clarity Potion | 7 | |
| Staff of Teleportation | 1 | |
| Orb of Lightning | 2 | |
| Tiny Great Hall | 1 | |
| Potion of Mana | 6 | |
| Scroll of Town Portal | 6 | |
| Potion of Healing | 1 | |
| Boots of Speed | 1 | |
| Potion of Lesser Invulnerability | 1 | |
31 total
Zigmund (
blue | 34 APM | 288 actions | 08:24)
1 Blademaster
1 Wind Walk
» actions
| Basic commands | 4 | |
| Build / train | 25 | |
| Enter build submenu | 15 | |
| Enter hero's abilities submenu | 1 | |
| Right click | 151 | |
| Select / deselect | 75 | |
| Use ability | 17 | |
288 total
» units
» upgrades
» buildings
| Orc Burrow | 6 | |
| Altar of Storms | 1 | |
| Barracks | 1 | |
| War Mill | 1 | |
| Voodoo Lounge | 1 | |
| Stronghold | 1 | |
| Fortress | 1 | |
| Spirit Lodge | 1 | |
13 total
» build order
00:08 Orc Burrow
00:20 Altar of Storms
01:30 Barracks
01:49 Orc Burrow
02:50 War Mill
02:52 Voodoo Lounge
04:13 Orc Burrow
04:52 Stronghold
05:58 Orc Burrow
07:54 Orc Burrow
08:00 Fortress
08:05 Spirit Lodge
08:11 Orc Burrow
» items
| Healing Salve | 1 | |
| Lesser Clarity Potion | 1 | |
2 total
Pascal_ (
orange | 52 APM | 2958 actions | 56:50)
4 Demon Hunter
2 Mana Burn
2 Immolation
4 Blademaster
2 Wind Walk
1 Critical Strike
1 Bladestorm
» actions
| Assign group hotkey | 43 | |
| Basic commands | 5 | |
| Build / train | 90 | |
| ESC pressed | 1 | |
| Enter build submenu | 28 | |
| Enter hero's abilities submenu | 8 | |
| Give item / drop item | 3 | |
| Right click | 2125 | |
| Select / deselect | 321 | |
| Select group hotkey | 111 | |
| Use ability | 223 | |
2958 total
» units
| Wisp | 20 | |
| Archer | 4 | |
| Hippogryph | 3 | |
| Peon | 10 | |
| Tauren | 3 | |
40 total
» upgrades
| Improved Bows | 1 | |
| Well Spring | 1 | |
| Hippogryph Taming | 1 | |
| Pulverize | 1 | |
| Reinforced Defenses | 1 | |
5 total
» buildings
| Altar of Elders | 1 | |
| Moon Well | 9 | |
| Ancient of War | 3 | |
| Tree of Ages | 1 | |
| Tree of Eternity | 1 | |
| Hunter's Hall | 1 | |
| Ancient of Wonders | 1 | |
| Ancient of Wind | 4 | |
| Ziggurat | 8 | |
| Spirit Tower | 2 | |
| Boneyard | 1 | |
| Orc Burrow | 6 | |
| Watch Tower | 13 | |
| Voodoo Lounge | 1 | |
| Great Hall | 1 | |
53 total
» build order
00:14 Altar of Elders
00:15 Moon Well
00:56 Ancient of War
01:37 Moon Well
01:52 Ancient of War
02:33 Moon Well
03:38 Tree of Ages
03:52 Ancient of War
05:03 Moon Well
06:00 Tree of Eternity
06:40 Hunter's Hall
07:31 Ancient of Wonders
10:14 Moon Well
10:21 Moon Well
10:22 Moon Well
10:25 Moon Well
10:27 Moon Well
11:20 Ancient of Wind
11:22 Ancient of Wind
11:27 Ancient of Wind
11:28 Ancient of Wind
19:41 Ziggurat
19:42 Ziggurat
19:43 Ziggurat
19:45 Ziggurat
19:55 Ziggurat
19:57 Ziggurat
20:00 Ziggurat
20:01 Ziggurat
20:25 Spirit Tower
20:25 Spirit Tower
20:35 Boneyard
23:16 Orc Burrow
23:19 Orc Burrow
23:21 Orc Burrow
23:23 Orc Burrow
23:24 Orc Burrow
26:48 Watch Tower
26:49 Watch Tower
26:50 Watch Tower
26:51 Watch Tower
26:53 Watch Tower
27:43 Watch Tower
27:45 Watch Tower
27:47 Watch Tower
27:49 Watch Tower
27:53 Watch Tower
27:54 Watch Tower
32:04 Orc Burrow
34:02 Watch Tower
34:04 Watch Tower
34:07 Voodoo Lounge
56:10 Great Hall
» items
| Boots of Speed | 2 | |
| Circlet of Nobility | 4 | |
| Scroll of Town Portal | 1 | |
| Orb of Venom | 1 | |
| Orb of Lightning | 1 | |
| Lesser Clarity Potion | 4 | |
| Healing Salve | 1 | |
| Scroll of Speed | 2 | |
| Potion of Mana | 1 | |
| Potion of Lesser Invulnerability | 3 | |
| Staff of Teleportation | 1 | |
21 total
team 2 (winner)
Frozen-Noob (
teal | 74 APM | 2856 actions | 38:33)
8 Tauren Chieftain
3 War Stomp
3 Endurance Aura
1 Reincarnation
1 Shockwave
» actions
| Assign group hotkey | 1303 | |
| Build / train | 80 | |
| Enter build submenu | 24 | |
| Enter hero's abilities submenu | 8 | |
| Remove unit from queue | 3 | |
| Right click | 657 | |
| Select / deselect | 422 | |
| Select group hotkey | 299 | |
| Use ability | 60 | |
2856 total
» units
| Peon | 18 | |
| Troll Headhunter/Berserker | 19 | |
| Shaman | 7 | |
| Demolisher | 2 | |
46 total
» upgrades
| Ranged Weapons | 3 | |
| Armor | 3 | |
| Troll Regeneration | 1 | |
| Shaman Training | 2 | |
| Berserker Upgrade | 1 | |
| Reinforced Defenses | 1 | |
| Burning Oil | 1 | |
12 total
» buildings
| Altar of Storms | 1 | |
| Orc Burrow | 14 | |
| War Mill | 1 | |
| Barracks | 2 | |
| Voodoo Lounge | 1 | |
| Great Hall | 4 | |
| Stronghold | 1 | |
| Fortress | 1 | |
| Spirit Lodge | 1 | |
26 total
» build order
00:13 Altar of Storms
00:21 Orc Burrow
00:54 War Mill
01:35 Barracks
02:08 Barracks
02:14 Orc Burrow
02:31 Voodoo Lounge
03:32 Orc Burrow
05:38 Great Hall
05:42 Stronghold
06:55 Orc Burrow
07:55 Orc Burrow
09:00 Fortress
09:04 Spirit Lodge
12:34 Orc Burrow
13:05 Orc Burrow
15:48 Orc Burrow
18:13 Orc Burrow
18:15 Orc Burrow
18:20 Orc Burrow
18:24 Orc Burrow
18:31 Great Hall
22:35 Orc Burrow
22:37 Orc Burrow
27:59 Great Hall
35:13 Great Hall
» items
| Healing Salve | 3 | |
| Scroll of Town Portal | 2 | |
| Lesser Clarity Potion | 1 | |
| Orb of Lightning | 1 | |
| Potion of Healing | 1 | |
8 total
TrinidadJames (
green | 34 APM | 2039 actions | 59:34)
8 Archmage
3 Summon Water Elemental
3 Brilliance Aura
1 Mass Teleport
1 Blizzard
1 Tauren Chieftain
1 Shockwave
» actions
| Assign group hotkey | 23 | |
| Basic commands | 80 | |
| Build / train | 118 | |
| Enter build submenu | 94 | |
| Enter hero's abilities submenu | 9 | |
| Give item / drop item | 5 | |
| Remove unit from queue | 1 | |
| Right click | 612 | |
| Select / deselect | 524 | |
| Select group hotkey | 335 | |
| Use ability | 237 | |
2039 total
» units
| Peasant | 13 | |
| Footman | 5 | |
| Goblin Shredder | 1 | |
| Gryphon Rider | 5 | |
| Goblin Sapper | 30 | |
| Goblin Zeppelin | 3 | |
57 total
» upgrades
| Masonry | 3 | |
| Swords | 3 | |
| Armor | 3 | |
| Animal War Training | 1 | |
| Storm Hammers | 1 | |
| Cloud | 1 | |
| Magic Sentry | 1 | |
13 total
» buildings
| Altar of Kings | 1 | |
| Barracks | 1 | |
| Farm | 14 | |
| Scout Tower | 85 | |
| Arcane Tower | 1 | |
| Lumber Mill | 1 | |
| Keep | 1 | |
| Arcane Vault | 2 | |
| Guard Tower | 25 | |
| Town Hall | 5 | |
| Castle | 1 | |
| Gryphon Aviary | 4 | |
| Blacksmith | 2 | |
| Arcane Sanctum | 1 | |
144 total
» build order
00:39 Altar of Kings
00:41 Barracks
00:52 Farm
00:57 Farm
01:05 Farm
01:19 Farm
01:45 Scout Tower
02:10 Farm
02:23 Arcane Tower
03:49 Lumber Mill
04:25 Keep
04:35 Arcane Vault
04:45 Scout Tower
04:49 Scout Tower
05:25 Guard Tower
06:20 Town Hall
07:16 Scout Tower
07:16 Scout Tower
07:17 Scout Tower
07:17 Scout Tower
07:52 Arcane Vault
07:58 Guard Tower
08:11 Castle
09:09 Scout Tower
09:11 Scout Tower
09:12 Scout Tower
09:19 Farm
09:23 Farm
10:24 Guard Tower
10:27 Gryphon Aviary
10:27 Gryphon Aviary
10:28 Gryphon Aviary
10:29 Gryphon Aviary
11:06 Blacksmith
11:08 Blacksmith
13:15 Scout Tower
13:16 Scout Tower
13:16 Scout Tower
13:18 Scout Tower
13:19 Scout Tower
13:19 Scout Tower
13:20 Scout Tower
13:22 Scout Tower
13:22 Scout Tower
13:24 Scout Tower
13:25 Scout Tower
13:47 Scout Tower
14:10 Guard Tower
15:44 Guard Tower
15:50 Scout Tower
15:50 Scout Tower
15:51 Scout Tower
15:51 Scout Tower
15:52 Scout Tower
15:53 Scout Tower
15:53 Scout Tower
15:54 Scout Tower
15:56 Scout Tower
15:57 Scout Tower
17:38 Guard Tower
17:57 Guard Tower
17:59 Farm
18:01 Farm
18:03 Farm
18:03 Farm
18:04 Farm
19:13 Farm
19:14 Farm
20:39 Town Hall
20:44 Scout Tower
20:45 Scout Tower
20:45 Scout Tower
20:46 Scout Tower
20:47 Scout Tower
20:47 Scout Tower
20:48 Scout Tower
20:51 Scout Tower
20:54 Scout Tower
20:55 Scout Tower
21:14 Guard Tower
21:15 Guard Tower
21:17 Guard Tower
21:18 Guard Tower
21:46 Guard Tower
22:28 Scout Tower
22:35 Scout Tower
22:37 Scout Tower
22:40 Scout Tower
23:02 Guard Tower
23:09 Guard Tower
24:01 Guard Tower
25:37 Scout Tower
25:38 Scout Tower
25:39 Scout Tower
25:40 Scout Tower
25:42 Scout Tower
25:43 Scout Tower
25:43 Scout Tower
25:45 Scout Tower
25:46 Scout Tower
25:47 Scout Tower
26:11 Guard Tower
26:51 Guard Tower
27:54 Guard Tower
27:56 Guard Tower
39:03 Town Hall
39:06 Scout Tower
39:07 Scout Tower
39:07 Scout Tower
39:08 Scout Tower
39:09 Scout Tower
39:10 Scout Tower
39:10 Scout Tower
39:11 Scout Tower
39:11 Scout Tower
39:12 Scout Tower
39:13 Scout Tower
39:13 Scout Tower
40:24 Guard Tower
40:40 Guard Tower
53:09 Arcane Sanctum
53:40 Town Hall
53:43 Scout Tower
53:44 Scout Tower
53:44 Scout Tower
53:45 Scout Tower
53:45 Scout Tower
53:46 Scout Tower
53:46 Scout Tower
53:46 Scout Tower
54:13 Guard Tower
54:18 Town Hall
54:22 Scout Tower
54:22 Scout Tower
54:23 Scout Tower
54:23 Scout Tower
54:25 Scout Tower
54:26 Scout Tower
54:26 Scout Tower
54:27 Scout Tower
54:31 Scout Tower
56:03 Guard Tower
56:06 Guard Tower
56:29 Guard Tower
» items
| Scroll of Regeneration | 4 | |
| Periapt of Vitality | 2 | |
| Staff of Teleportation | 1 | |
| Potion of Lesser Invulnerability | 1 | |
| Potion of Healing | 1 | |
9 total
germiahish (
red | 67 APM | 1856 actions | 27:53)
5 Shadow Hunter
3 Healing Wave
2 Hex
4 Dark Ranger
2 Black Arrow
2 Life Drain
2 Far Seer
1 Feral Spirit
1 Chain Lighting
» actions
| Assign group hotkey | 24 | |
| Basic commands | 10 | |
| Build / train | 57 | |
| ESC pressed | 2 | |
| Enter build submenu | 35 | |
| Enter hero's abilities submenu | 11 | |
| Right click | 970 | |
| Select / deselect | 252 | |
| Select group hotkey | 408 | |
| Use ability | 87 | |
1856 total
» units
| Peon | 15 | |
| Troll Headhunter/Berserker | 12 | |
| Troll Witch Doctor | 4 | |
31 total
» upgrades
| Ranged Weapons | 2 | |
| Armor | 2 | |
| Spiked Barricades | 1 | |
| Witch Doctor Training | 2 | |
| Troll Regeneration | 1 | |
| Berserker Upgrade | 1 | |
9 total
» buildings
| Orc Burrow | 9 | |
| Altar of Storms | 1 | |
| War Mill | 1 | |
| Barracks | 2 | |
| Stronghold | 1 | |
| Spirit Lodge | 2 | |
| Great Hall | 5 | |
| Watch Tower | 14 | |
| Fortress | 1 | |
36 total
» build order
00:14 Orc Burrow
00:20 Altar of Storms
00:49 War Mill
01:14 Orc Burrow
02:06 Barracks
02:25 Barracks
02:50 Orc Burrow
05:12 Orc Burrow
07:21 Stronghold
07:25 Orc Burrow
08:05 Orc Burrow
10:34 Spirit Lodge
10:39 Spirit Lodge
10:54 Great Hall
11:00 Watch Tower
12:17 Fortress
17:10 Watch Tower
19:00 Great Hall
19:06 Orc Burrow
19:09 Watch Tower
19:55 Watch Tower
22:01 Great Hall
22:06 Watch Tower
22:10 Watch Tower
22:15 Orc Burrow
22:20 Watch Tower
23:18 Watch Tower
23:22 Watch Tower
23:26 Watch Tower
23:30 Orc Burrow
24:40 Great Hall
25:07 Watch Tower
25:11 Watch Tower
26:15 Watch Tower
26:18 Watch Tower
27:43 Great Hall
» items
orky_ork (
purple | 31 APM | 1854 actions | 59:34)
7 Goblin Alchemist
3 Chemical Rage
3 Healing Spray
1 Transmute
2 Dark Ranger
1 Silence
1 Life Drain
1 Tauren Chieftain
1 Shockwave
» actions
| Assign group hotkey | 51 | |
| Basic commands | 29 | |
| Build / train | 90 | |
| Enter build submenu | 30 | |
| Enter hero's abilities submenu | 10 | |
| Give item / drop item | 14 | |
| Right click | 538 | |
| Select / deselect | 445 | |
| Select group hotkey | 497 | |
| Use ability | 150 | |
1854 total
» units
| Acolyte | 9 | |
| Ghoul | 8 | |
| Crypt Fiend | 2 | |
| Goblin Shredder | 1 | |
| Banshee | 6 | |
| Frost Wyrm | 6 | |
32 total
» upgrades
| Cannibalize | 1 | |
| Creature Attack | 4 | |
| Creature Carapace | 4 | |
| Burrow | 1 | |
| Web | 1 | |
| Banshee Training | 2 | |
| Ghoul Frenzy | 1 | |
| Freezing Breath | 1 | |
15 total
» buildings
| Crypt | 1 | |
| Ziggurat | 9 | |
| Graveyard | 1 | |
| Altar of Darkness | 1 | |
| Spirit Tower | 4 | |
| Tomb of Relics | 1 | |
| Nerubian Tower | 1 | |
| Necropolis | 4 | |
| Halls of the Dead | 2 | |
| Black Citadel | 1 | |
| Sacrificial Pit | 1 | |
| Temple of the Damned | 2 | |
| Boneyard | 3 | |
31 total
» build order
00:27 Crypt
00:32 Ziggurat
00:49 Graveyard
01:15 Altar of Darkness
01:26 Ziggurat
02:12 Spirit Tower
02:24 Spirit Tower
03:47 Tomb of Relics
04:03 Ziggurat
05:13 Nerubian Tower
07:00 Necropolis
08:55 Necropolis
08:57 Ziggurat
08:57 Ziggurat
08:57 Ziggurat
08:58 Ziggurat
08:58 Ziggurat
09:52 Halls of the Dead
10:18 Spirit Tower
10:22 Spirit Tower
11:18 Halls of the Dead
12:15 Black Citadel
12:17 Sacrificial Pit
12:20 Temple of the Damned
12:20 Temple of the Damned
15:40 Boneyard
15:43 Boneyard
15:45 Boneyard
19:50 Ziggurat
28:18 Necropolis
43:41 Necropolis
» items
| Rod of Necromancy | 1 | |
| Sacrificial Skull | 3 | |
| Circlet of Nobility | 2 | |
| Periapt of Vitality | 2 | |
| Staff of Teleportation | 4 | |
| Dust of Appearance | 1 | |
| Potion of Lesser Invulnerability | 2 | |
| Scroll of Town Portal | 3 | |
| Potion of Invisibility | 1 | |
| Scroll of Protection | 1 | |
| Potion of Healing | 1 | |
| Potion of Mana | 2 | |
23 total
Chat log
(01:51 / Allies) Frozen-Noob: u[pgrade tower
(02:06 / Allies) orky_ork: k
(02:46 / Allies) Frozen-Noob: use ghouls
(03:24 / All) TrinidadJames: faggot
(03:39 / Allies) orky_ork: thx
(03:58 / Allies) orky_ork: wood?
(04:05 / Allies) orky_ork: ty
(04:20 / All) TrinidadJames: Blue you are such a fucking noob
(04:27 / All) Zigmund: your a fucking idiot
(04:30 / All) TrinidadJames: level 1 harass that works NEVER
(04:44 / All) orky_ork: never?
(04:53 / All) TrinidadJames: sorry once in a blue moon
(05:02 / Allies) TrinidadJames: thanks teal
(05:06 / All) orky_ork: but all harasses are lvl 1
(05:11 / Allies) TrinidadJames: saw me going to it dickhead
(05:31 / All) TrinidadJames: No they aren't
(05:48 / All) Zigmund: green you're a fucking moron, shut up.
(05:54 / All) TrinidadJames: level 1 harass is a waste of time
(06:03 / All) TrinidadJames: 68-88 lol
(06:05 / All) TrinidadJames: stfu
(06:16 / All) orky_ork: what do u mean a hero starts at lvl 1 and he harasses
(06:24 / All) Zigmund: the win to lose ratio in this game is not acurate
(06:28 / All) Zigmund: My anymeans
(06:42 / All) ILOVETHISGAME: it is an indicator
(06:44 / All) ILOVETHISGAME: for sure....
(06:44 / All) TrinidadJames: if you're not 50% y ou're fucking terrible
(07:48 / All) TrinidadJames: one shop for sure worth it
(08:30 / All) TrinidadJames: lol
(08:31 / Allies) Frozen-Noob: \lol
(08:32 / All) TrinidadJames: fucking horrible
(09:02 / All) TrinidadJames: fiend bot legend
(09:04 / All) I-WET-MY-CRIB.: that was anti climatic
(09:55 / Allies) Frozen-Noob: wood plz
(10:40 / Allies) orky_ork: archer? thoungt he straight to chimn
(13:56 / Allies) Frozen-Noob: omw red
(14:33 / Allies) Frozen-Noob: b tpowers
(14:50 / All) ILOVETHISGAME: GG
(14:52 / All) ILOVETHISGAME: fucking
(15:59 / Allies) TrinidadJames: lumber
(17:39 / Allies) TrinidadJames: lumbeR?
(20:30 / Allies) germiahish: green is tking
(20:47 / Allies) orky_ork: when
(20:59 / Allies) TrinidadJames: what do you mean
(21:05 / Allies) Frozen-Noob: how is is tking?
(21:26 / Allies) TrinidadJames: I'm just securing another expo
(21:27 / Allies) germiahish: he blew up my base
(21:35 / Allies) TrinidadJames: ???
(23:54 / Allies) germiahish: stop shit head
(24:14 / All) TrinidadJames: Red is tripping on acid
(26:32 / Allies) germiahish: fucking nigger
(26:40 / Allies) TrinidadJames: what are you raving about now
(27:00 / Allies) TrinidadJames: Lumber guys?
(27:20 / Allies) germiahish: I gave you lumber too you stupid nigger fuck
(27:33 / Allies) Frozen-Noob: damn u greebn
(27:47 / All) TrinidadJames: My team is composed of crazy people
(29:33 / All) I-WET-MY-CRIB.: lol
(29:58 / All) I-WET-MY-CRIB.: i mis clicked that worm
(30:15 / Allies) Frozen-Noob: come green
(30:28 / Allies) TrinidadJames: It's too risky there's towers there and they have ninjas
(30:40 / Allies) Frozen-Noob: well be ok lol
(31:02 / Allies) Frozen-Noob: lol
(31:31 / Allies) Frozen-Noob: lolo
(31:39 / Allies) TrinidadJames: What?
(31:41 / Allies) TrinidadJames: Nothing to see tehre
(31:50 / Allies) Frozen-Noob: why ya raping my shit lol
(31:53 / Allies) TrinidadJames: Just some little corpses, looks like a murder took place there
(31:59 / Allies) Frozen-Noob: lol
(32:13 / Allies) Frozen-Noob: ya greens sappers
(32:16 / Allies) Frozen-Noob: are killing them
(33:34 / Allies) orky_ork: b
(33:35 / Allies) orky_ork: b
(33:45 / Allies) orky_ork: kill yelow army
(33:49 / Allies) orky_ork: i got no gold
(33:56 / Allies) Frozen-Noob: lol
(33:59 / Allies) Frozen-Noob: thats why
(34:05 / Allies) orky_ork: why green
(34:16 / Allies) TrinidadJames: Why what? I don't know what you're talking about
(34:21 / Allies) Frozen-Noob: lol
(35:22 / Allies) Frozen-Noob: why man
(35:40 / Allies) Frozen-Noob: god lol
(35:41 / Allies) TrinidadJames: Yeah purple that place looks like a dump
(35:53 / Allies) TrinidadJames: You really need to hire an interior designer
(35:56 / Allies) TrinidadJames: Renovate the joint
(36:08 / Allies) orky_ork: theres nothing to atack because they mass tower
(36:11 / Allies) Frozen-Noob: can we just end this lol
(36:16 / Allies) Frozen-Noob: come green
(36:21 / Allies) TrinidadJames: Where to?
(36:24 / Allies) TrinidadJames: It's safer in my base
(36:30 / Allies) TrinidadJames: Yeah, right.
(36:39 / Allies) TrinidadJames: I'll just sign my death warrant right now
(36:43 / Allies) Frozen-Noob: with our armies we ca n take it
(36:45 / Allies) TrinidadJames: Cause of death, 52 towers
(37:31 / Allies) Frozen-Noob: come on man
(37:47 / Allies) Frozen-Noob: gold me green
(37:53 / Allies) TrinidadJames: I don't have much to spare
(38:01 / Allies) Frozen-Noob: ya just little
(38:06 / Allies) Frozen-Noob: 100 wil do
(38:25 / Allies) TrinidadJames: I need to pimp out my place, all gold everything
(38:28 / Allies) Frozen-Noob: what ever
(38:30 / Allies) Frozen-Noob: gg
(38:32 / Allies) Frozen-Noob: not wasting ym time
(39:42 / Allies) TrinidadJames: TP OUT
(39:44 / Allies) TrinidadJames: TP OUT
(40:29 / All) I-WET-MY-CRIB.: orky ork is one damn nigger
(42:05 / Allies) TrinidadJames: you should have unsummoned those
(42:10 / Allies) orky_ork: ya
(42:26 / Allies) orky_ork: i unsummoned some
(44:43 / Allies) orky_ork: they have no expansions so im waiting it out
(44:49 / Allies) TrinidadJames: Are those claws like rat bait
(45:08 / Allies) TrinidadJames: you're healing his bats lawl
(46:06 / Allies) TrinidadJames: why did you put the claws down
(46:24 / Allies) orky_ork: to give tc my teleport scroll
(46:32 / Allies) TrinidadJames: you have a space on your hero
(47:00 / Allies) orky_ork: great
(47:02 / Allies) orky_ork: im dead now
(47:18 / Allies) orky_ork: so u can finish the tk or kill them
(47:18 / Allies) TrinidadJames: your hero can transmute their units
(47:24 / Allies) TrinidadJames: did you get the ult
(47:29 / Allies) TrinidadJames: it's free gold
(47:34 / Allies) TrinidadJames: turn the tauren
(47:49 / Allies) orky_ork: i tped
(47:54 / Allies) orky_ork: what happened
(47:57 / Allies) TrinidadJames: hex
(48:24 / Allies) orky_ork: gold for hero
(48:28 / Allies) orky_ork: i need transmute
(48:32 / Allies) TrinidadJames: how much do you have
(48:34 / Allies) TrinidadJames: need*
(48:36 / Allies) orky_ork: 377
(48:39 / Allies) orky_ork: 500
(48:47 / All) I-WET-MY-CRIB.: how much gold u got
(48:53 / Allies) orky_ork: 877
(49:02 / Allies) TrinidadJames: better get it fast
(49:31 / Allies) TrinidadJames: I'd suggest not engaging his army outside of towers
(49:32 / Allies) orky_ork: why dont they expand
(49:36 / Allies) TrinidadJames: and just transmuting the wyrms and tauren
(49:40 / Allies) orky_ork: k
(49:53 / Allies) orky_ork: i need wood to revive
(50:08 / Allies) orky_ork: thx
(50:17 / All) I-WET-MY-CRIB.: i always have problems with hh lust
(50:27 / Allies) orky_ork: so u gonna tk or beat them?
(50:42 / Allies) TrinidadJames: Depends on how it plays out
(50:44 / Allies) orky_ork: i was going to rebuild one base but now no more acos
(51:00 / Allies) orky_ork: whats that supposed to mean
(51:25 / Allies) orky_ork: hey!
(51:31 / Allies) orky_ork: gold fast for tiny grt hall
(51:37 / Allies) orky_ork: plz
(51:52 / Allies) orky_ork: gold
(51:54 / Allies) orky_ork: i can rebuild
(52:26 / Allies) orky_ork: so no gold huh
(53:18 / Allies) orky_ork: upgrade tower eyes
(53:24 / Allies) orky_ork: expand
(55:30 / All) orky_ork: ahaha
(55:33 / All) TrinidadJames: gotcha
(55:33 / All) I-WET-MY-CRIB.: lol
(55:39 / All) Pascal_: lol
(55:54 / All) TrinidadJames: Ornage doesn't care abotu win|?
(55:56 / All) TrinidadJames: purple is 1-2
(55:59 / All) I-WET-MY-CRIB.: nope
(56:03 / Allies) orky_ork: they have wyrms so they rebuilt at their old bases but there isnt much gold there
(56:12 / All) I-WET-MY-CRIB.: we could just leave and leave them each 2 heroes
(56:16 / All) Pascal_: i dnt play on this server
(56:24 / All) Pascal_: u can let him win
(56:24 / All) TrinidadJames: alright
(56:33 / Allies) orky_ork: \
(56:38 / All) I-WET-MY-CRIB.: i wanted to play a game with rod like 30 min ago
(56:53 / All) I-WET-MY-CRIB.: pink was a nigger
(56:56 / All) TrinidadJames: Well purple
(57:00 / All) TrinidadJames: You gotta lose now unless you leave
(57:03 / All) TrinidadJames: then you'll get tie
(57:10 / All) TrinidadJames: Do you want to give him teh win|?
(58:08 / All) TrinidadJames: Purple, this is your lucky day
(58:13 / All) TrinidadJames: Merry Christmas
(58:15 / All) orky_ork: why
(58:25 / All) TrinidadJames: Merry Christmas from the remnants of Stabber Palace
(58:29 / All) orky_ork: ty
(58:29 / All) TrinidadJames: You get a win
(58:42 / All) TrinidadJames: www.youtube.com/lordfarsanky
(59:14 / All) orky_ork: do whatever u want green just do it now